SL
VANCOUVER GREY WOLVES @ CHICAGO GOLD SOX
05/31/2028
 
TOP OF THE 1ST
Vancouver Grey Wolves batting - Pitching for Chicago Gold Sox : RHP Shuntavyious Primes-Willes
Pitching: RHP Shuntavyious Primes-Willes
Batting: LHB Michael Malloy 0-0: Ball
1-0: Foul Ball, location: 2F
1-1: Ball
2-1: Ball
3-1: Swinging Strike
3-2: Foul Ball, location: 2F
3-2: Ground out U3 (Groundball, 3L)
Batting: RHB Robert O'Connor 0-0: Ball
1-0: Foul Ball, location: 2F
1-1: Called Strike
1-2: Ground out 6-3 (Groundball, 6)
Batting: RHB Frank Grimes 0-0: DOUBLE (Groundball, 5L)
Batting: SHB Seishiro Nishimura 0-0: Called Strike
0-1: Swinging Strike
0-2: Ball
1-2: Strikes out swinging
Top of the 1st over - 0 run(s), 1 hit(s), 0 error(s), 1 left on base; Vancouver 0 - Chicago 0
BOTTOM OF THE 1ST
Chicago Gold Sox batting - Pitching for Vancouver Grey Wolves : RHP Ambrose Randall
Pitching: RHP Ambrose Randall
Batting: LHB Noel Ballard 0-0: Called Strike
0-1: Foul Ball, location: 2F
0-2: Ball
1-2: Fly out, F6 (Line Drive, 6)
Batting: LHB Melvin Castro 0-0: Ball
1-0: Ball
2-0: DOUBLE (Flyball, 89D)
Batting: LHB Naohiro Sakai 0-0: Ball
1-0: Fly out, F5 (Popup, 5L)
Batting: LHB Dewitt Hopper 0-0: Ball
1-0: Ball
2-0: Foul Ball, location: 2F
2-1: Swinging Strike
2-2: Strikes out swinging
Bottom of the 1st over - 0 run(s), 1 hit(s), 0 error(s), 1 left on base; Vancouver 0 - Chicago 0
TOP OF THE 2ND
Vancouver Grey Wolves batting - Pitching for Chicago Gold Sox : RHP Shuntavyious Primes-Willes
Batting: RHB Hugh Mungus 0-0: Foul Ball, location: 2F
0-1: Swinging Strike
0-2: Strikes out looking
Batting: SHB Ted Striker 0-0: Ball
1-0: Swinging Strike
1-1: Called Strike
1-2: Foul Ball, location: 2F
1-2: Ball
2-2: Foul Ball, location: 2F
2-2: Strikes out swinging, 2-3 out at first.
Batting: LHB Aquiles Marmelo 0-0: Called Strike
0-1: Fly out, F8 (Flyball, 8RXD)
Top of the 2nd over - 0 run(s), 0 hit(s), 0 error(s), 0 left on base; Vancouver 0 - Chicago 0
BOTTOM OF THE 2ND
Chicago Gold Sox batting - Pitching for Vancouver Grey Wolves : RHP Ambrose Randall
Batting: LHB Eddie Flynn 0-0: Swinging Strike
0-1: Ball
1-1: Called Strike
1-2: Ball
2-2: Foul Ball, location: 2F
2-2: SINGLE (Line Drive, 8RS)
Batting: RHB Ben Kennerly 0-0: Called Strike
0-1: Ball
1-1: Foul Ball, location: 2F
1-2: Fly out, F8 (Flyball, 8RS)
Batting: LHB Stanley Belote 0-0: Ball
1-0: Reached via error on a dropped throw, E1
Eddie Flynn to second
Batting: RHB Jay Hood 0-0: Grounds into double play, 6-4-3 (Groundball, 6)
Bottom of the 2nd over - 0 run(s), 1 hit(s), 1 error(s), 1 left on base; Vancouver 0 - Chicago 0
TOP OF THE 3RD
Vancouver Grey Wolves batting - Pitching for Chicago Gold Sox : RHP Shuntavyious Primes-Willes
Batting: RHB Brian Williams 0-0: Called Strike
0-1: Foul Ball, location: 2F
0-2: Ball
1-2: Ground out 3-1 (Groundball, 34)
Batting: RHB Wilson Vega 0-0: Swinging Strike
0-1: Called Strike
0-2: Ball
1-2: Strikes out swinging
Batting: LHB Michael Malloy 0-0: Ball
1-0: Called Strike
1-1: Ball
2-1: Ball
3-1: Foul Ball, location: 2F
3-2: Foul Ball, location: 2F
3-2: Strikes out looking
Top of the 3rd over - 0 run(s), 0 hit(s), 0 error(s), 0 left on base; Vancouver 0 - Chicago 0
BOTTOM OF THE 3RD
Chicago Gold Sox batting - Pitching for Vancouver Grey Wolves : RHP Ambrose Randall
Batting: SHB Lupo Cotto 0-0: DOUBLE (Flyball, 7D)
Batting: LHB Noel Ballard 0-0: Ball
1-0: Called Strike
1-1: Ball
2-1: Foul Ball, location: 2F
2-2: Foul Ball, location: 2F
2-2: Ball
3-2: SINGLE (Flyball, 8RS)
Lupo Cotto to third
Runner from 3rd tries for Home, SAFE, no throw
Batting: LHB Melvin Castro 0-0: Called Strike
0-1: Ball
1-1: Swinging Strike
1-2: Ball
2-2: 2-RUN HOME RUN (Flyball, 8RXD), Distance : 416 ft
Batting: LHB Naohiro Sakai 0-0: Called Strike
0-1: DOUBLE (Line Drive, 89D)
Batting: LHB Dewitt Hopper 0-0: Called Strike
0-1: Swinging Strike
0-2: Ground out 4-3 (Groundball, 34)
Naohiro Sakai to third
Batting: LHB Eddie Flynn 0-0: Called Strike
0-1: Ball
1-1: Ball
2-1: Ball
3-1: Base on Balls
Batting: RHB Ben Kennerly 0-0: Called Strike
0-1: Grounds into double play, 4-6-3 (Groundball, 4)
Bottom of the 3rd over - 3 run(s), 4 hit(s), 0 error(s), 1 left on base; Vancouver 0 - Chicago 3
TOP OF THE 4TH
Vancouver Grey Wolves batting - Pitching for Chicago Gold Sox : RHP Shuntavyious Primes-Willes
Batting: RHB Robert O'Connor 0-0: Ball
1-0: Called Strike
1-1: Ball
2-1: Foul Ball, location: 2F
2-2: Fly out, F8 (Flyball, 8RS)
Batting: RHB Frank Grimes 0-0: Foul Ball, location: 2F
0-1: Ball
1-1: Foul Ball, location: 2F
1-2: Foul Ball, location: 2F
1-2: Strikes out swinging
Batting: SHB Seishiro Nishimura 0-0: Called Strike
0-1: Ball
1-1: Ground out 4-3 (Groundball, 34)
Top of the 4th over - 0 run(s), 0 hit(s), 0 error(s), 0 left on base; Vancouver 0 - Chicago 3
BOTTOM OF THE 4TH
Chicago Gold Sox batting - Pitching for Vancouver Grey Wolves : RHP Ambrose Randall
Batting: LHB Stanley Belote 0-0: Called Strike
0-1: Ball
1-1: Ball
2-1: Foul Ball, location: 2F
2-2: Foul Ball, location: 2F
2-2: Fly out, F8 (Flyball, 8RM)
Batting: RHB Jay Hood 0-0: Swinging Strike
0-1: SINGLE (Groundball, 34D)
Batting: SHB Lupo Cotto 0-0: DOUBLE (Line Drive, 89D)
Jay Hood to third
Batting: LHB Noel Ballard 0-0: Ball
1-0: Fly out, F8 (Line Drive, 89M)
Runner from 3rd tags up, SCORES, no throw
Batting: LHB Melvin Castro 0-0: SINGLE (Groundball, 4MD)
Lupo Cotto to third
Runner from 3rd tries for Home, SAFE, no throw
Batting: LHB Naohiro Sakai 0-0: Called Strike
0-1: DOUBLE (Groundball, 3L)
Melvin Castro to third
Runner from 3rd tries for Home, SAFE, no throw
Batting: LHB Dewitt Hopper 0-0: Ball
1-0: Ball
2-0: Ball
3-0: Base on Balls
Batting: LHB Eddie Flynn 0-0: Called Strike
Balk!
Naohiro Sakai to third
Dewitt Hopper to second
0-1: Ball
1-1: Foul Ball, location: 2F
1-2: Foul Ball, location: 2F
1-2: Ball
2-2: Ground out U3 (Groundball, 34S)
Bottom of the 4th over - 3 run(s), 4 hit(s), 0 error(s), 2 left on base; Vancouver 0 - Chicago 6
TOP OF THE 5TH
Vancouver Grey Wolves batting - Pitching for Chicago Gold Sox : RHP Shuntavyious Primes-Willes
Batting: RHB Hugh Mungus 0-0: Called Strike
0-1: Called Strike
0-2: Ball
1-2: Fly out, F5 (Popup, 5L)
Batting: SHB Ted Striker 0-0: Ball
1-0: Ball
2-0: DOUBLE (Line Drive, 9)
Batting: LHB Aquiles Marmelo 0-0: Ball
1-0: Called Strike
1-1: Ball
2-1: Ball
3-1: Ground out 4-3 (Groundball, 34)
Ted Striker to third
Batting: RHB Brian Williams 0-0: Ball
1-0: Called Strike
1-1: SINGLE (Groundball, 56D)
Ted Striker scores
Batting: RHB Wilson Vega 0-0: Ball
1-0: Called Strike
1-1: SINGLE (Flyball, 8RS)
Brian Williams to second
Runner from 2nd tries for 3rd, SAFE, throw made to third
Batting: LHB Michael Malloy 0-0: Ball
1-0: Ball
Wilson Vega steals 2nd base
2-0: Foul Ball, location: 2F
2-1: Ball
3-1: SINGLE (Line Drive, 9S)
Brian Williams scores
Wilson Vega to third
Runner from 3rd tries for Home, SAFE, no throw
Batting: RHB Robert O'Connor 0-0: Ball
1-0: Called Strike
1-1: Ball
2-1: Fly out, F5 (Popup, 5D)
Top of the 5th over - 3 run(s), 4 hit(s), 0 error(s), 1 left on base; Vancouver 3 - Chicago 6
BOTTOM OF THE 5TH
Chicago Gold Sox batting - Pitching for Vancouver Grey Wolves : RHP Ambrose Randall
Pitching: RHP Bill Ball
Batting: RHB Ben Kennerly 0-0: Ball
1-0: Fly out, F8 (Line Drive, 8RD)
Batting: LHB Stanley Belote 0-0: Ball
1-0: Foul Ball, location: 2F
1-1: Ball
2-1: Foul Ball, location: 2F
2-2: SOLO HOME RUN (Flyball, 9D), Distance : 365 ft
Batting: RHB Jay Hood 0-0: Called Strike
0-1: Swinging Strike
0-2: Ball
1-2: Foul Ball, location: 2F
1-2: Foul Ball, location: 2F
1-2: Ball
2-2: Ball
3-2: Strikes out swinging
Batting: SHB Lupo Cotto 0-0: Swinging Strike
0-1: Foul Ball, location: 2F
0-2: Ball
1-2: Fly out, F9 (Flyball, 9S)
Bottom of the 5th over - 1 run(s), 1 hit(s), 0 error(s), 0 left on base; Vancouver 3 - Chicago 7
TOP OF THE 6TH
Vancouver Grey Wolves batting - Pitching for Chicago Gold Sox : RHP Shuntavyious Primes-Willes
Batting: RHB Frank Grimes 0-0: Foul Ball, location: 2F
0-1: Ground out 4-3 (Groundball, 4M)
Batting: SHB Seishiro Nishimura 0-0: Called Strike
0-1: Foul Ball, location: 2F
0-2: Ball
1-2: Ball
2-2: SINGLE (Line Drive, 9S)
Pitching: RHP Raúl Areola
Batting: RHB Hugh Mungus 0-0: Ball
1-0: Called Strike
1-1: Ball
2-1: Swinging Strike
2-2: Strikes out swinging
Batting: SHB Ted Striker 0-0: Foul Ball, location: 2F
0-1: Ball
1-1: Ball
2-1: Foul Ball, location: 2F
2-2: Ball
3-2: Strikes out swinging
Top of the 6th over - 0 run(s), 1 hit(s), 0 error(s), 1 left on base; Vancouver 3 - Chicago 7
BOTTOM OF THE 6TH
Chicago Gold Sox batting - Pitching for Vancouver Grey Wolves : RHP Bill Ball
Batting: LHB Noel Ballard 0-0: Foul Ball, location: 2F
0-1: Swinging Strike
0-2: Ball
1-2: Strikes out swinging
Batting: LHB Melvin Castro 0-0: Ball
1-0: Ball
2-0: Called Strike
2-1: Swinging Strike
2-2: Ball
3-2: DOUBLE (Flyball, 7D)
Pitching: RHP Mark Simmons
Batting: LHB Naohiro Sakai 0-0: DOUBLE (Line Drive, 9LM)
Melvin Castro scores
Batting: LHB Dewitt Hopper 0-0: Ball
1-0: Ball
2-0: Swinging Strike
2-1: Foul Ball, location: 2F
2-2: Strikes out swinging
Batting: LHB Eddie Flynn 0-0: Ball
1-0: Ball
2-0: Ball
3-0: Called Strike
3-1: Base on Balls
Batting: RHB Ben Kennerly 0-0: Ball
1-0: Ball
2-0: Foul Ball, location: 2F
2-1: Foul Ball, location: 2F
2-2: Ball
3-2: Fly out, F7 (Flyball, 7)
Bottom of the 6th over - 1 run(s), 2 hit(s), 0 error(s), 2 left on base; Vancouver 3 - Chicago 8
TOP OF THE 7TH
Vancouver Grey Wolves batting - Pitching for Chicago Gold Sox : RHP Raúl Areola
Batting: LHB Aquiles Marmelo 0-0: Ball
1-0: Called Strike
1-1: Ground out 4-3 (Groundball, 4)
Batting: RHB Brian Williams 0-0: Hit by Pitch
Batting: RHB Wilson Vega 0-0: Fly out, F3 (Popup, 3S)
Batting: LHB Michael Malloy 0-0: Called Strike
0-1: Called Strike
0-2: Ball
1-2: Strikes out swinging, 2-3 out at first.
Top of the 7th over - 0 run(s), 0 hit(s), 0 error(s), 1 left on base; Vancouver 3 - Chicago 8
BOTTOM OF THE 7TH
Chicago Gold Sox batting - Pitching for Vancouver Grey Wolves : RHP Mark Simmons
Batting: LHB Stanley Belote 0-0: Called Strike
0-1: Ball
1-1: Foul Ball, location: 2F
1-2: SINGLE (Groundball, 34D)
Batting: RHB Jay Hood 0-0: Swinging Strike
0-1: Ball
1-1: Ball
Stanley Belote steals 2nd base
2-1: Ball
Wild Pitch!
Stanley Belote to third
3-1: Base on Balls
Pitching: RHP Tyler Rodríguez
Batting: SHB Lupo Cotto 0-0: Called Strike
0-1: Fly out, F9 (Flyball, 9S)
Batting: LHB Noel Ballard 0-0: Ball
1-0: Called Strike
1-1: Foul Ball, location: 2F
1-2: Ball
2-2: Foul Ball, location: 2F
2-2: SINGLE (Line Drive, 78S)
Stanley Belote scores
Jay Hood to second
Batting: LHB Melvin Castro 0-0: Ball
1-0: Ball
2-0: Called Strike
2-1: Ball
3-1: Called Strike
3-2: Base on Balls
Jay Hood to third
Noel Ballard to second
Batting: LHB Naohiro Sakai 0-0: Ball
1-0: Ball
2-0: Called Strike
2-1: Fly out, F8 (Flyball, 8RD)
Runner from 3rd tags up, SCORES, no throw
Noel Ballard to third
Batting: LHB Dewitt Hopper 0-0: Ball
1-0: Ball
2-0: Ball
3-0: Called Strike
3-1: Swinging Strike
3-2: SINGLE (Line Drive, 34)
Noel Ballard scores
Melvin Castro to second
Melvin Castro to third
Batting: LHB Eddie Flynn 0-0: Ball
1-0: Ball
2-0: Ball
3-0: Called Strike
3-1: Called Strike
3-2: Base on Balls
Dewitt Hopper to second
Pitching: RHP Tate Beason
Batting: RHB Ben Kennerly 0-0: Ball
1-0: Foul Ball, location: 2F
1-1: Foul Ball, location: 2F
1-2: Strikes out swinging
Bottom of the 7th over - 3 run(s), 3 hit(s), 0 error(s), 3 left on base; Vancouver 3 - Chicago 11
TOP OF THE 8TH
Vancouver Grey Wolves batting - Pitching for Chicago Gold Sox : RHP Raúl Areola
Now at C: Manuel Guillama
Batting: RHB Robert O'Connor 0-0: Ball
1-0: Foul Ball, location: 2F
1-1: Foul Ball, location: 2F
1-2: Strikes out swinging
Batting: RHB Frank Grimes 0-0: Ball
1-0: SINGLE (Groundball, 4D)
Batting: SHB Seishiro Nishimura 0-0: Foul Ball, location: 2F
0-1: Ball
1-1: Called Strike
1-2: Ball
2-2: Strikes out swinging
Batting: RHB Hugh Mungus 0-0: Swinging Strike
0-1: SINGLE (Groundball, 56D)
Frank Grimes to second
Batting: SHB Ted Striker 0-0: Foul Ball, location: 2F
0-1: Ball
1-1: Ball
2-1: Foul Ball, location: 2F
2-2: Foul Ball, location: 2F
2-2: Ball
3-2: SINGLE (Groundball, 34S) (infield hit)
Frank Grimes to third
Hugh Mungus to second
Batting: LHB Aquiles Marmelo 0-0: Foul Ball, location: 2F
0-1: Ball
1-1: Swinging Strike
1-2: Strikes out swinging
Top of the 8th over - 0 run(s), 3 hit(s), 0 error(s), 3 left on base; Vancouver 3 - Chicago 11
BOTTOM OF THE 8TH
Chicago Gold Sox batting - Pitching for Vancouver Grey Wolves : RHP Tate Beason
Batting: LHB Stanley Belote 0-0: Called Strike
0-1: Fly out, F9 (Flyball, 9S)
Batting: RHB Jay Hood 0-0: Ball
1-0: Foul Ball, location: 2F
1-1: Swinging Strike
1-2: Strikes out swinging
Batting: SHB Lupo Cotto 0-0: Ball
1-0: Called Strike
1-1: Foul Ball, location: 2F
1-2: Foul Ball, location: 2F
1-2: Ball
2-2: Fly out, F4 (Flyball, 4D)
Bottom of the 8th over - 0 run(s), 0 hit(s), 0 error(s), 0 left on base; Vancouver 3 - Chicago 11
TOP OF THE 9TH
Vancouver Grey Wolves batting - Pitching for Chicago Gold Sox : RHP Raúl Areola
Batting: RHB Brian Williams 0-0: Swinging Strike
0-1: Ball
1-1: Ball
2-1: Swinging Strike
2-2: Strikes out looking
Batting: RHB Wilson Vega 0-0: Ball
1-0: Called Strike
1-1: Ball
2-1: Ball
3-1: Swinging Strike
3-2: Strikes out swinging
Batting: LHB Michael Malloy 0-0: Foul Ball, location: 2F
0-1: Ball
1-1: Ball
2-1: Foul Ball, location: 2F
2-2: DOUBLE (Flyball, 78D)
Batting: RHB Robert O'Connor 0-0: Ball
1-0: Ball
2-0: Swinging Strike
2-1: Swinging Strike
2-2: Strikes out swinging
Top of the 9th over - 0 run(s), 1 hit(s), 0 error(s), 1 left on base; Vancouver 3 - Chicago 11
Monday, July 17th, 2017 - OOTP Baseball 17.12 Build 75